 Dungeon Crawl Stone Soup version 0.23.2-40-g277498a001 (webtiles) character file.

Game seed: 4914712434213442155

112 Fistmachine the Digger (level 4, -4/26 HPs)
             Began as a Gargoyle Earth Elementalist on Oct 17, 2019.
             Slain by a goblin (5 damage)
             ... led by Robin
             ... on level 2 of the Dungeon.
             The game lasted 00:16:19 (3201 turns).

Fistmachine the Digger (GrEE)                       Turns: 3201, Time: 00:16:20

Health: -4/26      AC:  9    Str: 12    XL:     4   Next: 95%
Magic:  8/8        EV:  9    Int: 16    God:
Gold:   113        SH:  0    Dex: 10    Spells: 7/8 levels left

rFire    . . .     SeeInvis .   f - +0 short sword
rCold    . . .     Gourm    .   (no shield)
rNeg     + . .     Faith    .   o - +0 scale mail
rPois    ∞         Spirit   .   (no helmet)
rElec    +         Reflect  .   (no cloak)
rCorr    .         Harm     .   (no gloves)
MR       .....                  (no boots)
Stlth    ..........             (no amulet)
HPRegen  0.08/turn              (no ring)
MPRegen  0.11/turn              (no ring)

@: no status effects
A: negative energy resistance 1, electricity resistance, unbreathing,
petrification resistance, rot immunity, AC +3
a: no special abilities


You were on level 2 of the Dungeon.
You were not hungry.

You visited 1 branch of the dungeon, and saw 2 of its levels.

You collected 113 gold pieces.

Inventory:

Hand Weapons
 b - a +2 short sword of freezing
 f - a +0 short sword (weapon)
Missiles
 p - 40 sling bullets
Armour
 c - a +0 robe
 i - a +0 chain mail
 o - a +0 scale mail (worn)
Jewellery
 l - a +1 ring of evasion {unknown}
Scrolls
 d - 5 scrolls of identify {unknown}
 e - a scroll of enchant weapon {unknown}
 g - 2 scrolls of random uselessness {unknown}
 h - a scroll of remove curse {unknown}
 k - a scroll of magic mapping {unknown}
Potions
 a - 2 potions of agility {unknown}
 j - 2 potions of curing {unknown}
 m - a potion of flight {unknown}
 n - 2 potions of heal wounds {unknown}
 q - a potion of lignification {unknown}


   Skills:
 + Level 2.0 Fighting
 - Level 1.5 Dodging
 - Level 2.1 Stealth
 + Level 2.7 Spellcasting
   Level 0.7 Transmutations
 * Level 5.4 Earth Magic


You had 7 spell levels left.
You knew the following spells:

 Your Spells              Type           Power        Failure   Level  Hunger
a - Sandblast             Erth           ###...       12%         1    #......

Your spell library contained the following spells:

 Spells                   Type           Power        Failure   Level  Hunger
 Passwall                 Tmut/Erth      ##......     41%         2    ##.....
 Animate Skeleton         Necr           N/A          71%         1    #......
 Apportation              Tloc           #.....       71%         1    #......
 Confusing Touch          Hex            #.....       71%         1    #......
 Summon Small Mammal      Summ           #...         71%         1    #......
 Stone Arrow              Conj/Erth      ##....       71%         3    ###....
 Petrify                  Tmut/Erth      ##......     96%         4    #####..
 Lee's Rapid Deconstruct  Erth           ###.......   97%         5    ######.


Dungeon Overview and Level Annotations

Branches:
Dungeon (2/15)

Altars:

Annotations:
D:2 Robin


Innate Abilities, Weirdness & Mutations

You are resistant to torment.
Your stone body is resilient. (AC +3)
You are immune to poison.
You resist negative energy. (rN+)
You are resistant to electric shocks. (rElec)
You can survive without breathing.
You are immune to petrification.
You are immune to rotting.


Message History

Robin is severely wounded.
The goblin misses you. The goblin barely misses you.
The goblin hits you but does no damage. Robin hits you but does no damage.
You closely miss Robin.
Robin is severely wounded.
The goblin hits you with a +0 dagger.
* * * LOW HITPOINT WARNING * * *
The goblin hits you but does no damage. The goblin closely misses you.
Robin hits you with a +0 whip.
* * * LOW HITPOINT WARNING * * *
You completely miss Robin.
Robin is severely wounded.
The goblin hits you but does no damage. The goblin misses you.
The goblin barely misses you. Robin barely misses you.
The goblin barely misses you.
You hit Robin but do no damage.
Robin is heavily wounded.
The goblin no longer looks unusually strong.
The goblin hits you but does no damage. The goblin hits you.
You die...

###### #....# #
#....# #
###########....####
#ggg...##>.....'...
##@###.##.#....##.#
#g# #.##.#....##.#
##.###.##.#######.#
#....#.##.# #.#
####.#.##.# #..
.#.##.# ###
.#.##.#########
g#.##..........
g#.############


You could see Robin and 3 goblins.

Vanquished Creatures
  Natasha (twice) (D:2)
  Terence (D:2)
  A leopard gecko (D:1)
  3 giant cockroaches
  3 goblins (D:2)
  4 hobgoblins
  9 jackals (D:1)
  A quokka (D:2)
  A ball python (D:1)
  3 frilled lizards
  2 kobolds (D:1)
  4 rats
34 creatures vanquished.

Notes
Turn   | Place    | Note
-------+----------+-------------------------------------------
     0 | D:1      | Fistmachine the Gargoyle Earth Elementalist began the quest
                  | for the Orb.
     0 | D:1      | Reached XP level 1. HP: 10/10 MP: 3/3
   229 | D:1      | Reached skill level 4 in Earth Magic
   253 | D:1      | Reached XP level 2. HP: 9/15 MP: 3/5
  1326 | D:1      | Reached skill level 1 in Fighting
  1367 | D:1      | Reached XP level 3. HP: 14/20 MP: 6/6
  2293 | D:2      | Noticed Terence
  2293 | D:2      | Noticed Natasha
  2299 | D:2      | Killed Natasha
  2299 | D:2      | Reached XP level 4. HP: 21/25 MP: 1/7
  2308 | D:2      | Noticed Natasha
  2446 | D:2      | Killed Terence
  2446 | D:2      | Reached skill level 5 in Earth Magic
  2627 | D:2      | Killed Natasha
  3182 | D:2      | Noticed Robin
  3199 | D:2      | HP: 1/26 [Robin/+0 whip (1)]
  3201 | D:2      | Slain by a goblin

Skill      XL: |  1  2  3  4 |
---------------+-------------+-----
Earth Magic    | 4 5 |  5.4
Fighting       | 1 2 |  2.0
Dodging        | |  1.5
Stealth        | |  2.1
Spellcasting   | |  2.7
Transmutations | |  0.7

Action                   |  1- 3 |  4- 6 || total
-------------------------+-------+-------++-------
Melee: Unarmed           |    41 |       ||    41
       Short sword       |    90 |    68 ||   158
Throw: Stone             |     1 |       ||     1
 Cast: Sandblast         |    18 |    12 ||    30
  Use: Potion            |       |     1 ||     1
  Eat: Ration            |     1 |     1 ||     2
       Chunk             |     1 |     1 ||     2
Armor: Robe              |    51 |       ||    51
       Scale mail        |    19 |    53 ||    72
Dodge: Dodged            |   103 |    48 ||   151
